 Dungeon Crawl Stone Soup version 0.30.1-9-gdf580d7c3d (webtiles) character file.

Game seed: 6228308143478028812

746 lonewolfV2 the Ducker (level 7, -1/52 HPs)
             Began as a Demonspawn Fighter on Oct 26, 2023.
             Was an Initiate of Qazlal.
             Slain by a troll (2 damage)
             ... on level 5 of the Dungeon.
             The game lasted 00:06:31 (5095 turns).

lonewolfV2 the Ducker (Demonspawn Fighter)          Turns: 5095, Time: 00:06:32

Health: -1/52      AC: 10    Str: 18    XL:     7   Next: 48%
Magic:  7/7        EV: 12    Int: 10    God:    Qazlal [......]
Gold:   385        SH:  5    Dex: 18    Spells: 6/6 levels left

rFire   . . .        a - +1 war axe (venom)
rCold   . . .        c - +0 buckler
rNeg    + . .        n - +0 chain mail
rPois   .            (no helmet)
rElec   .            (no cloak)
rCorr   .            (no gloves)
SInv    .            (no boots)
Will    .....        (no amulet) Stlth
                     m - +6 ring of dexterity
HPRegen 0.28/turn    j - ring of positive energy
MPRegen 0.10/turn

%: no passive effects
@: no status effects
A: powered by pain 1, sturdy frame 2, weakness stinger 1
a: Renounce Religion


You were on level 5 of the Dungeon.
You worshipped Qazlal.
Qazlal was noncommittal.
You visited 2 branches of the dungeon, and saw 6 of its levels.

You collected 385 gold pieces.

Inventory:

Hand Weapons
 a - a +1 war axe of venom (weapon)
Missiles
 t - 3 throwing nets (quivered)
Armour
 b - a +1 scale mail
 c - a +0 buckler (worn)
 n - a +0 chain mail (worn)
Jewellery
 j - a ring of positive energy (right hand)
 m - a +6 ring of dexterity (left hand)
Scrolls
 h - 3 scrolls of enchant weapon
 o - a scroll of fog
 p - 2 scrolls of teleportation
 q - 2 scrolls of enchant armour
 r - a scroll of brand weapon
Potions
 d - 3 potions of might
 e - a potion of haste {unknown}
 f - 2 potions of curing
 i - 2 potions of flight {unknown}
 k - a potion of brilliance {unknown}
 l - a potion of mutation {unknown}
 s - a potion of ambrosia {unknown}


   Skills:
 - Level 3.0 Fighting
 - Level 1.7 Axes
 + Level 5.5 Armour
 + Level 5.7 Dodging
 - Level 2.6 Shields


You had 6 spell levels left.
You didn't know any spells.
Your spell library contained the following spells:

 Spells                   Type           Power      Damage    Failure   Level
 Apportation              Tloc           0%         N/A       82%         1
 Kiss of Death            Conj/Necr      0%         2d5       82%         1
 Necrotise                Necr           0%         1d4       82%         1
 Summon Small Mammal      Summ           0%         N/A       82%         1
 Ensorcelled Hibernation  Hex/Ice        0%         N/A       91%         2
 Lesser Beckoning         Tloc           0%         N/A       91%         2
 Passwall                 Tmut/Erth      0%         N/A       91%         2
 Confusing Touch          Hex            0%         N/A       99%         3
 Frozen Ramparts          Ice            0%         1d1       99%         3
 Gell's Gravitas          Tloc           0%         N/A       99%         3
 Swiftness                Air            0%         N/A       99%         3
 Teleport Other           Tloc           0%         N/A       99%         3
 Dispel Undead            Necr           0%         3d6       100%        4
 Ice Form                 Ice/Tmut       0%         N/A       100%        4
 Summon Ice Beast         Ice/Summ       0%         N/A       100%        4


Dungeon Overview and Level Annotations

Branches:
Dungeon (5/15)             Temple (1/1) D:5

Altars:
Qazlal
Ru
Vehumet

Shops:
D:3 [*![*


Innate Abilities, Weirdness & Mutations

You sometimes gain a little power by taking damage.
Your movements are less encumbered by armour. (ER -4)
You have a small tail.


Message History

You slash the troll!
The troll is lightly wounded.
The troll barely misses you. The troll claws you. The troll claws you!
You completely miss the troll.
The troll is lightly wounded.
The troll bites you! The troll completely misses you. The troll misses you.
The troll bites you!
* * * LOW HITPOINT WARNING * * *
The troll barely misses you. The troll claws you but does no damage.
You hit the troll.
The troll is poisoned.
The troll is lightly wounded.
The troll bites you but does no damage. You block the troll's attack.
The troll closely misses you.
You feel much better. The troll bites you!
* * * LOW HITPOINT WARNING * * *
You block the troll's attack. x2
You feel much better. You block the troll's attack.
The troll claws you but does no damage. You block the troll's attack.
You slash the troll!
The troll looks as sick as possible!
The troll is moderately wounded.
The troll bites you but does no damage. The troll claws you.
The troll claws you! The troll barely misses you. The troll closely misses you.
The troll barely misses you.
You hit the troll.
The troll looks as sick as possible!
Your tail-slap misses the troll.
The troll is heavily wounded.
The troll closely misses you. x3
You barely miss the troll.
The troll is heavily wounded.
The troll bites you but does no damage. The troll claws you.
The troll closely misses you. You block the troll's attack. x2
The troll claws you!
You slash the troll!
The troll looks as sick as possible!
The troll is severely wounded.
The troll bites you!
* * * LOW HITPOINT WARNING * * *
The troll claws you!
* * * LOW HITPOINT WARNING * * *
The troll claws you.
You die...

######## ........
#.##.#.##### ####
####.##.#.#... ...
.###...T##.#.#.########.
....$..@................
...........#.......####.
####.#..................
# #.######......#####
#..........<......?
#######..........##
#..........#
#..........#
#..........#


You could see a troll (extremely poisoned).

Vanquished Creatures
  An ogre (D:3)
  2 scorpions
  2 orc priests
  2 hounds
  2 jellies (D:5)
  2 iguanas (D:5)
  Terence (D:2)
  2 orc wizards
  5 gnolls
  6 adders
  A white imp (D:5)
  6 worms
  12 orcs
  7 bats
  12 endoplasms
  6 goblins
  5 hobgoblins
  5 kobolds
  6 quokkas
  14 ball pythons
  A frilled lizard (D:1)
  3 rats
103 creatures vanquished.

Notes
Turn   | Place    | Note
-------+----------+-------------------------------------------
     0 | D:1      | lonewolfV2 the Demonspawn Fighter began the quest for the
                  | Orb.
     0 | D:1      | Reached XP level 1. HP: 18/18 MP: 1/1
   197 | D:1      | Reached skill level 1 in Dodging
   231 | D:1      | Gained mutation: You have a small tail. [demonic ancestry]
   231 | D:1      | Reached XP level 2. HP: 24/24 MP: 2/2
   699 | D:1      | Reached XP level 3. HP: 27/29 MP: 3/3
  1125 | D:2      | Noticed Terence
  1135 | D:2      | Killed Terence
  1136 | D:2      | Gained mutation: Your movements are slightly less
                  | encumbered by armour. (ER -2) [demonic ancestry]
  1136 | D:2      | Reached XP level 4. HP: 19/35 MP: 4/4
  1686 | D:2      | Gained mutation: Your movements are less encumbered by
                  | armour. (ER -4) [demonic ancestry]
  1686 | D:2      | Reached XP level 5. HP: 31/41 MP: 5/5
  2610 | D:3      | Found Zim Okodgh's Assorted Antiques.
  2665 | D:3      | Noticed an ogre
  2675 | D:3      | Killed an ogre
  2685 | D:3      | Found Qeerchu's Distillery.
  2688 | D:3      | Found Puisaoll's Antique Armour Shoppe.
  2690 | D:3      | Reached XP level 6. HP: 47/47 MP: 6/6
  2747 | D:3      | Found Jovariv's Armour Emporium.
  2804 | D:3      | Found Weomeer's Assorted Antiques.
  4156 | D:5      | Entered Level 5 of the Dungeon
  4203 | D:5      | Found a staircase to the Ecumenical Temple.
  4215 | Temple   | Entered the Ecumenical Temple
  4308 | Temple   | Became a worshipper of Qazlal Stormbringer
  4385 | D:5      | Reached skill level 5 in Dodging
  4417 | D:5      | Gained mutation: You sometimes gain a little power by
                  | taking damage. [demonic ancestry]
  4417 | D:5      | Reached XP level 7. HP: 49/52 MP: 7/7
  4587 | D:5      | Reached skill level 5 in Armour
  5084 | D:5      | Noticed a troll
  5095 | D:5      | HP: 1/52 [troll (11)]
  5095 | D:5      | Slain by a troll

Illustrated notes

Levels and vault maps discovered:
D:1:      zelgadis_glass_arrival_small, layout_basic, interstate_on_off,
          chequers_serial_rivers_large_a, minmay_misc_feat_diagonals,
          palyth_stone_intersect
D:2:      minmay_chambers_of_ones, layout_basic, minmay_pentomino_q4,
          uniq_terence
D:3:      layout_basic, serial_shops, nicolae_shop_overgrown_old_shop, shop,
          shop, shop, nicolae_shop_just_a_little_nook
D:4:      layout_rooms
D:5:      layout_basic, tgw_trog, temple_hall,
          eino_small_chamber_without_monster
Temple:   mainiacjoe_temple_cubbyholes

Skill      XL: |  1  2  3  4  5  6  7 |
---------------+----------------------+-----
Dodging        | 1 2 3 4 5 |  5.7
Armour         | 3 4 5 |  5.5
Fighting       | |  3.0
Axes           | |  1.7
Shields        | |  2.6

Action                     |  1- 3 |  4- 6 |  7- 9 || total
---------------------------+-------+-------+-------++-------
  Melee: War axe           |    78 |   143 |    34 ||   255
         Tailslap          |     6 |    21 |     9 ||    36
    Use: Scroll            |     7 |     5 |       ||    12
         Potion            |       |       |     2 ||     2
 Armour: Scale mail        |    43 |    50 |       ||    93
         Chain mail        |       |       |    13 ||    13
  Dodge: Dodged            |    46 |    79 |    32 ||   157
  Block: Buckler           |    19 |    50 |    11 ||    80
